 Dungeon Crawl Stone Soup version 0.22.1-2-g9c5b331 (webtiles) character file.

12351 magicm the Quickloader (level 11, -1/100 HPs)
             Began as a Deep Dwarf Hunter on Nov 15, 2018.
             Was a Believer of Elyvilon.
             Slain by a tengu warrior
             ... wielding a +2 war axe
              (2 damage)
             ... on level 12 of the Dungeon.
             The game lasted 01:01:34 (8661 turns).

magicm the Quickloader (Deep Dwarf Hunter)          Turns: 8661, Time: 01:01:35

Health: -1/100     AC: 17    Str: 16    XL:     11   Next: 61%
Magic:  0/0        EV: 13    Int: 19    God:    Elyvilon [**....]
Gold:   642        SH:  4    Dex: 12    Spells: 11/12 levels left

rFire    + . .     SeeInvis .   b - +2 halberd (venom) {Sidewinder}
rCold    + + .     Gourm    .   (shield currently unavailable)
rNeg     . . .     Faith    .   r - +2 scale mail {rF+}
rPois    .         Spirit   .   (no helmet)
rElec    .         Reflect  +   (no cloak)
rCorr    .         Harm     .   s - +2 pair of gloves
MR       +....     Rnd*Tele +   v - +2 pair of boots
Stlth    +.........             x - amulet of Qinliaxau {Reflect rC++ Dex-2 SH+4}
HPRegen  0.00/turn              (no ring)
MPRegen  0.07/turn              (no ring)

@: brilliant, non-regenerating
A: damage resistance, heal wounds, sense surroundings 2, teleportitis 1, sturdy
frame 1, no regeneration
a: Heal Wounds, Lesser Healing, Heal Other, Divine Protection, Renounce Religion


You were on level 12 of the Dungeon.
You worshipped Elyvilon.
Elyvilon was pleased with you.
You were not hungry.

You visited 1 branch of the dungeon, and saw 12 of its levels.
You also visited: Sewer.

You collected 802 gold pieces.
You spent 160 gold pieces at shops.

Inventory:

Hand Weapons
 a - a +3 hand crossbow of flaming {Hellfire}
 b - a +2 halberd of venom (weapon) {Sidewinder}
Missiles
 d - 15 bolts
Armour
 r - a +2 scale mail of fire resistance (worn)
 s - a +2 pair of gloves (worn)
 v - a +2 pair of boots (worn)
Jewellery
 e - an uncursed amulet of magic regeneration
 x - the amulet of Qinliaxau (around neck) {Reflect rC++ Dex-2 SH+4}
   (You found it on level 8 of the Dungeon)

   [amulet of reflection]

   It shields you and reflects attacks.
   It affects your dexterity (-2).
   It greatly protects you from cold.
   It affects your SH (+4).
Wands
 w - a wand of enslavement (13)
 A - a wand of acid (20)
Scrolls
 c - 3 scrolls of teleportation
 j - 4 scrolls of remove curse
 n - 3 scrolls of amnesia
 y - 4 scrolls of blinking
Potions
 g - 2 potions of resistance
 h - 4 potions of curing
 i - 2 potions of invisibility
 k - a potion of brilliance
 l - 3 potions of agility
 m - a potion of might {unknown}
 o - 4 potions of haste
 p - 2 potions of cancellation
 q - 2 potions of ambrosia
 z - a potion of degeneration {unknown}
Comestibles
 f - 10 rations


   Skills:
 + Level 7.4 Fighting
   Level 0.7 Short Blades
 + Level 9.3 Polearms
 + Level 10.2 Crossbows
 + Level 9.2 Armour
 + Level 6.7 Dodging
 + Level 2.2 Stealth
 + Level 1.0 Spellcasting
 + Level 0.1 Summonings
 + Level 2.2 Invocations


You had 11 spell levels left.
You knew the following spells:

 Your Spells              Type           Power        Failure   Level  Hunger
a - Summon Small Mammal   Summ           ##..         4%          1    ##.....

Your spell library contained the following spells:

 Spells                   Type           Power        Failure   Level  Hunger
 Animate Skeleton         Necr           N/A          4%          1    ##.....
 Apportation              Tloc           ##....       4%          1    ##.....
 Confusing Touch          Hex            ##....       4%          1    ##.....
 Pain                     Necr           ##..         4%          1    ##.....
 Sting                    Conj/Pois      ##..         4%          1    ##.....
 Poisonous Vapours        Pois/Air       ##....       7%          2    ###....
 Mephitic Cloud           Conj/Pois/Air  ##......     12%         3    ####...
 Vampiric Draining        Necr           ##........   12%         3    ####...
 Animate Dead             Necr           N/A          34%         4    #####..
 Olgreb's Toxic Radiance  Pois           ##......     34%         4    #####..
 Venom Bolt               Conj/Pois      ##........   63%         5    ######.
 Regeneration             Chrm/Necr      Unusable     N/A         3    N/A

Dungeon Overview and Level Annotations

Branches:
Dungeon (12/15)            Temple (0/1) D:5            Lair (0/6) D:9
    Orc (0/2) D:12

Altars:
Ashenzari
Cheibriados
Elyvilon
Hepliaklqana
Kikubaaqudgha
Makhleb
Nemelex Xobeh
Vehumet
Yredelemnul
Beogh

Shops:
D:4 *   D:6 }


Innate Abilities, Weirdness & Mutations

You are resistant to damage.
You can heal yourself by infusing magical energy.
You passively map the area around you.
You do not regenerate.
You are occasionally teleported next to monsters.
Your movements are slightly less encumbered by armour. (ER -2)


Message History

You feel clever all of a sudden.
The tengu warrior shouts!
The tengu warrior is too close now for your liking.
A tengu warrior is nearby!
There is an open door here.
The tengu warrior shouts!
The tengu warrior blocks your attack.
The tengu warrior is lightly wounded.
The tengu warrior hits you with an enchanted war axe.
The tengu warrior pecks you but does no damage.
The tengu warrior claws you but does no damage.
You barely miss the tengu warrior.
The tengu warrior is lightly wounded.
The tengu warrior hits you with an enchanted war axe.
The tengu warrior pecks you but does no damage.
The tengu warrior closely misses you.
You miss the tengu warrior.
The tengu warrior is lightly wounded.
The tengu warrior barely misses you. The tengu warrior pecks you.
You die...

#.# #.., ..:..)Q...#...... #.#
#.., ,##(?##...####.### ####.#
#.# ## ...###...# #
#....###.### , ,..###.#.### #
#.#...##...###########.....###
#........'.........'..........
#.#...####.........###.....###
#.##.## ##.QQ....## #.#.#.###
#.#### ##.@...## #........
#.#### ##...## #####.###
#....# ##'## #.# ####.# #.#
#.# #.#########.# ### #.#
#.##.....<..###.#######.#
####.##.#####...#.#†.......#
#.......# #.....###.#######
#.##.#..#####..<## ##.##


You could see 2 tengu warriors.

Vanquished Creatures
  2 two-headed ogres
  Pikel (D:7)
  A deep elf mage (D:12)
  An ugly thing (D:12)
  2 slime creatures (D:12)
  Joseph (D:7)
  4 trolls
  A hornet (D:9)
  2 hippogriffs (D:11)
  A wyvern (D:9)
  6 yaks (D:12)
  2 hungry ghosts
  A steam dragon (D:9)
  Edmund (D:4)
  6 orc warriors
  2 black bears
  5 sky beasts
  3 ice beasts
  3 phantoms
  6 centaurs
  3 ogres
  A crocodile (D:8)
  3 big kobolds
  8 bullfrogs
  A scorpion (D:8)
  9 killer bees
  5 electric eels
  A howler monkey (D:5)
  5 crimson imps
  2 bullfrog zombies
  2 quasits
  2 jellies
  6 orc priests
  2 bullfrog skeletons
  2 centaur skeletons
  14 orc wizards
  4 hounds
  2 iguanas
  9 worker ants
  A hound skeleton (D:4)
  A worker ant zombie (D:6)
  15 adders
  7 gnolls
  A howler monkey skeleton (D:9)
  3 shadow imps
  2 oozes
  An adder skeleton (D:4)
  A dart slug (D:1)
  5 leopard geckos
  58 orcs
  4 bats
  16 giant cockroaches
  4 goblins
  7 hobgoblins
  13 jackals
  24 kobolds
  4 quokkas
  4 ball pythons
  9 frilled lizards
  A leopard gecko zombie (D:5)
  2 quokka skeletons
  8 rats
323 creatures vanquished.

Vanquished Creatures (others)
  Prince Ribbit (D:7)
  A howler monkey (D:7)
  A shadow imp (D:7)
  An orc (D:7)
  A plant (D:6)
5 creatures vanquished.

Grand Total: 328 creatures vanquished

Notes
Turn   | Place    | Note
-------+----------+-------------------------------------------
     0 | D:1      | magicm the Deep Dwarf Hunter began the quest for the Orb.
     0 | D:1      | Reached XP level 1. HP: 19/19 MP: 1/1
    71 | D:1      | Reached XP level 2. HP: 23/26 MP: 2/2
   150 | D:1      | Reached skill level 5 in Crossbows
   345 | D:1      | You fall through a shaft!
   481 | D:1      | Found a snail-covered altar of Cheibriados.
   605 | D:2      | Reached XP level 3. HP: 22/32 MP: 3/3
   713 | D:2      | Found a hazy altar of Hepliaklqana.
   844 | D:2      | Reached XP level 4. HP: 27/39 MP: 4/4
   854 | D:2      | Reached skill level 6 in Crossbows
  1221 | D:3      | Reached skill level 1 in Armour
  1325 | D:3      | Reached XP level 5. HP: 40/45 MP: 4/4
  1832 | D:3      | Learned a level 1 spell: Summon Small Mammal
  2019 | D:4      | Found Koaky's Assorted Antiques.
  2044 | D:4      | Reached XP level 6. HP: 35/55 MP: 5/5
  2052 | D:4      | Bought a scroll labeled COKYSKEXKE for 18 gold pieces
  2052 | D:4      | Bought a scroll of identify for 36 gold pieces
  2052 | D:4      | Bought a scroll labeled NUHEGH JIDYPS for 18 gold pieces
  2052 | D:4      | Bought a lumpy dark potion for 16 gold pieces
  2144 | D:4      | Reached skill level 1 in Polearms
  2251 | D:4      | Noticed Edmund
  2265 | D:4      | Killed Edmund
  2265 | D:4      | Reached skill level 7 in Crossbows
  2265 | D:4      | Reached skill level 1 in Spellcasting
  2314 | D:4      | Reached XP level 7. HP: 44/62 MP: 6/6
  2387 | D:4      | Found a roughly hewn altar of Beogh.
  2535 | D:4      | Bought a scroll of identify for 36 gold pieces
  2535 | D:4      | Bought a scroll of identify for 36 gold pieces
  2542 | D:5      | Entered Level 5 of the Dungeon
  2643 | D:5      | Found a glowing drain.
  2703 | D:5      | Found a staircase to the Ecumenical Temple.
  3108 | Sewer    | Entered a sewer
  3650 | D:6      | Reached XP level 8. HP: 45/72 MP: 7/7
  3795 | D:6      | Reached skill level 8 in Crossbows
  4111 | D:6      | Found Waopt's Gadget Shop.
  4477 | D:7      | Noticed Pikel
  4488 | D:7      | Noticed Prince Ribbit
  4496 | D:7      | Noticed Joseph
  4498 | D:7      | Killed Pikel
  4498 | D:7      | Reached skill level 5 in Polearms
  4498 | D:7      | Reached skill level 5 in Armour
  4498 | D:7      | Gained mutation: You passively map the area around you.
                  | [Deep Dwarf growth]
  4498 | D:7      | Reached XP level 9. HP: 38/79 MP: 6/6
  4525 | D:7      | Killed Joseph
  4528 | D:7      | Killed Prince Ribbit
  4532 | D:7      | Reached skill level 5 in Fighting
  4626 | D:7      | Found a radiant altar of Vehumet.
  4963 | D:7      | Reached skill level 9 in Crossbows
  5136 | D:8      | Found a basalt altar of Yredelemnul.
  5175 | D:8      | Noticed a two-headed ogre
  5185 | D:8      | Killed a two-headed ogre
  5185 | D:8      | Reached XP level 10. HP: 45/88 MP: 5/5
  5339 | D:8      | Got a translucent pewter amulet
  5342 | D:8      | Identified the amulet of Qinliaxau {Reflect rC++ Dex-2
                  | SH+4} (You found it on level 8 of the Dungeon)
  5576 | D:8      | Reached skill level 5 in Dodging
  6099 | D:9      | Found a staircase to the Lair.
  6137 | D:9      | Found a white marble altar of Elyvilon.
  6139 | D:9      | Found a burning altar of Makhleb.
  6159 | D:9      | Paralysed by a hornet for 3 turns
  6216 | D:9      | Found a sparkling altar of Nemelex Xobeh.
  6218 | D:9      | Became a worshipper of Elyvilon the Healer
  6273 | D:9      | Found a shattered altar of Ashenzari.
  6418 | D:9      | Reached skill level 10 in Crossbows
  6517 | D:10     | Entered Level 10 of the Dungeon
  6599 | D:10     | Got a faintly glowing flail
  6600 | D:10     | Identified the +5 flail "Hiakuevu" {crush, +Inv rPois Int-4
                  | Dex+4} (You found it on level 10 of the Dungeon)
  6607 | D:10     | Found an ancient bone altar of Kikubaaqudgha.
  6977 | D:11     | Noticed a two-headed ogre
  7030 | D:11     | Killed a two-headed ogre
  7121 | D:11     | Reached XP level 11. HP: 39/99 MP: 4/4
  7159 | D:11     | Reached * piety under Elyvilon
  7599 | D:12     | Got a diamond-encrusted ring mail
  7610 | D:12     | Identified the cursed +1 ring mail of Gaibre {Str+5 Int+2}
                  | (You found it on level 12 of the Dungeon)
  7965 | D:12     | Reached ** piety under Elyvilon
  7993 | D:12     | Noticed a deep elf mage
  8005 | D:12     | Gained mutation: You are occasionally teleported next to
                  | monsters. [a neqoxec]
  8010 | D:12     | Gained mutation: Your movements are slightly less
                  | encumbered by armour. (ER -2) [a neqoxec]
  8022 | D:12     | Killed a deep elf mage
  8268 | D:12     | Reached skill level 1 in Invocations
  8297 | D:12     | Noticed a brown ugly thing
  8319 | D:12     | Killed a brown ugly thing
  8481 | D:12     | Found a staircase to the Orcish Mines.
  8527 | D:12     | Noticed a tengu warrior
  8531 | D:12     | Noticed a tengu warrior
  8538 | D:12     | HP: 1/100 [orc warrior/glaive (10)]
  8661 | D:12     | Slain by a tengu warrior

Skill      XL: |  1  2  3  4  5  6  7  8  9 10 11 |
---------------+----------------------------------+-----
Crossbows      | 5 6 7 8 9 10 | 10.2
Fighting       | 2 3 4 5 6 7 |  7.4
Armour         | 1 2 3 5 7 8 9 |  9.2
Polearms       | 1 3 5 6 8 9 |  9.3
Spellcasting   | 1 |  1.0
Dodging        | 3 4 6 |  6.7
Stealth        | 2 |  2.2
Invocations    | 2 |  2.2
Short Blades   | |  0.7
Summonings     | |  0.1

Action                   |  1- 3 |  4- 6 |  7- 9 | 10-12 || total
-------------------------+-------+-------+-------+-------++-------
Melee: Short sword       |    19 |    64 |       |       ||    83
       Halberd           |       |    50 |   245 |   491 ||   786
 Fire: Hand crossbow     |    45 |    69 |   174 |   156 ||   444
 Cast: Summon Small Mamm |       |     1 |       |       ||     1
Invok: Lesser Healing    |       |       |       |    15 ||    15
       Divine Protection |       |       |       |     1 ||     1
 Abil: Heal Wounds       |       |     5 |    21 |    21 ||    47
  Use: Scroll            |     4 |     6 |    10 |    12 ||    32
       Potion            |       |       |       |     4 ||     4
  Eat: Ration            |       |     2 |     3 |     8 ||    13
Armor: Leather armour    |     5 |    19 |       |       ||    24
       Scale mail        |       |    13 |   261 |   435 ||   709
Dodge: Dodged            |    20 |    71 |   314 |   595 ||  1000
Block: Other             |       |       |       |   160 ||   160
